 Dungeon Crawl Stone Soup version 0.30-a0-374-g95c0257040 (webtiles) character file.

Game seed: 11685762690911370654

1736 sanka the Gouger (level 8, 34/34 HPs)
             Began as a Felid Berserker on Nov 26, 2022.
             Was a Priest of Trog.
             Quit the game in a bailey.
             The game lasted 00:14:48 (8557 turns).

sanka the Gouger (Felid Berserker)                  Turns: 8557, Time: 00:14:48

Health: 34/34      AC:  2    Str: 13    XL:     8   Next: 76%
Magic:  9/9        EV: 28    Int:  9    God:    Trog [***...]
Gold:   584        SH:  0    Dex: 20    Spells: 7/7 levels left
                                        Lives:  0   Deaths: 2

rFire   . . .      SeeInvis +      - Unarmed
rCold   . . .      Faith    +    (shield unavailable)
rNeg    . . .      Spirit   .    (body armour unavailable)
rPois   .          Reflect  .    (helmet unavailable)
rElec   .          Harm     .    (cloak unavailable)
rCorr   .          Rampage  .    (gloves unavailable)
Will    +....                    (boots unavailable)
Stlth   ++........               y - amulet of faith
HPRegen 0.25/turn                (no ring)
MPRegen 0.11/turn                (no ring)

@: quick
A: very small, claws 1, fangs 3, see invisible, speed 1, shaggy fur 2, stealthy
paws, no weapons or thrown items, no armour, multi-lived
a: Renounce Religion, Berserk, Trog's Hand


You were in a bailey.
You worshipped Trog.
Trog was most pleased with you.
You visited 2 branches of the dungeon, and saw 11 of its levels.
You also visited: Bailey.

You collected 584 gold pieces.


Innate Abilities, Weirdness & Mutations

You have sharp claws.
You have razor-sharp teeth.
You have supernaturally acute eyesight. (SInv)
You cover ground quickly. (Speed+)
You are covered in thick fur. (AC +2)
Your paws help you pounce on unaware monsters.
You are incapable of wielding weapons or throwing items.
You cannot wear armour.
You gain extra lives every three experience levels.


   Skills:
 - Level 3.0 Fighting
 + Level 12.9 Dodging
 * Level 13.7 Unarmed Combat


You had 7 spell levels left.
You didn't know any spells.
Your spell library contained the following spells:

 Spells                   Type           Power      Damage    Failure   Level
 Necrotise                Necr           0%         1d4       38%         1
 Sandblast                Erth           0%         2d4       38%         1
 Passwall                 Tmut/Erth      0%         N/A       52%         2
 Stone Arrow              Conj/Erth      0%         3d7       77%         3
 Vampiric Draining        Necr           0%         2d6       77%         3
 Agony                    Necr           0%         N/A       100%        5

Inventory:

Jewellery
 f - an amulet of reflection
 y - an amulet of faith (around neck)
Wands
 b - a wand of acid (7)
 n - a wand of roots (31)
 q - a wand of digging (9)
 v - a wand of paralysis (12)
 x - a wand of mindburst (2)
Scrolls
 a - 3 scrolls of vulnerability {!r}
 d - 6 scrolls of fear
 m - a scroll of silence {!r}
 o - 2 scrolls of magic mapping {unknown}
 p - a scroll of poison {!r}
 r - a scroll of teleportation {@r4}
 s - 2 scrolls of blinking
 u - a scroll of butterflies
Potions
 c - 7 potions of degeneration {!q}
 e - 3 potions of heal wounds {unknown}
 g - 7 potions of lignification {unknown}
 h - 3 potions of invisibility {unknown}
 i - a potion of ambrosia {unknown}
 j - 4 potions of curing {unknown}
 k - a potion of mutation {unknown}
 l - a potion of attraction {unknown}
 t - 2 potions of flight {unknown}
 w - a potion of brilliance {unknown}
 z - a potion of haste {unknown}

Dungeon Overview and Level Annotations

Branches:
Dungeon (10/15)            Temple (1/1) D:5          Bailey (1/1)
   Lair: D:8-11         Orc: D:9-12

Altars:
Gozag
Sif Muna
Trog
Xom
Zin

Shops:
D:5

( ▒▒)O~~~▒▒
▒~~~~~▒
▒▒▒~~~~~▒▒▒
▒▒.........▒▒
▒▒...........▒▒
▒....∩...∩....▒
▒▒...†.......▒▒
▒▒.........▒▒
▒▒▒...h.▒▒▒
▒▒▒▒▒▒▒


There were no monsters in sight!


Message History

The bolt of acid hits the ogre!
The ogre seems to be corroded for longer.
The ogre is almost dead.
The ogre hits you from afar with a +0 halberd!
The ogre barely misses you.
Aiming: Corrosive Bolt
Aim: an ogre, wielding a +0 halberd (almost dead, covered in acid, 86% to hit)
The bolt of acid hits the ogre!
The ogre seems to be corroded for longer.
You kill the ogre!
Trog accepts your kill.
You hear a splash.
The ogre hits you from afar with a +0 halberd!
* * * LOW HITPOINT WARNING * * *
Unknown command.
The ogre misses you.
You scratch the ogre.
The ogre is severely wounded.
The ogre hits you with a +0 halberd.
* * * LOW HITPOINT WARNING * * *
You scratch the ogre.
The ogre is almost dead.
You barely miss the ogre.
The ogre is almost dead.
The ogre hits you with a +0 halberd!!
Ouch! That really hurt!
You die...
You are now level 8!
You rejoin the land of the living...
Are you sure you want to abandon this character and quit the game? (Confirm with "yes".)

Action                   |  1- 3 |  4- 6 |  7- 9 | 10-12 || total
-------------------------+-------+-------+-------+-------++-------
Melee: Unarmed           |   104 |   135 |   233 |   105 ||   577
       Bite              |     7 |     6 |    25 |    16 ||    54
       Punch             |     1 |     4 |    12 |     8 ||    25
Invok: Berserk           |     3 |     4 |    23 |     8 ||    38
       Trog's Hand       |       |     3 |     1 |     1 ||     5
Evoke: Wand              |       |       |     4 |       ||     4
  Use: Scroll            |       |       |    10 |       ||    10
 Stab: Sleeping          |     2 |       |     4 |     1 ||     7
       Distracted        |     1 |       |       |       ||     1
Armor: Skin              |     5 |    10 |     6 |     3 ||    24
Dodge: Dodged            |    81 |   101 |   160 |    57 ||   399
Block: Other             |       |    25 |    41 |     7 ||    73

Levels and vault maps discovered:
D:1:      amcnicky_arrival_feature_with_door, layout_basic
D:2:      layout_rooms, basic_ecumenical_altar
D:3:      layout_basic, zin_treasury, lemuel_doored_altar,
          general_overflow_altar, minmay_misc_feat_doors, fountainhead,
          uniq_grinder
D:4:      layout_loops_corners, amethyst_overflow_temple_binary,
          corexii_hall_statues_x, nrook_mini_vaults, corexii_leaking_fountain,
          chequers_serial_rivers_large_b, chequers_serial_rivers_micro_c,
          uniq_edmund
D:5:      layout_cave_pools, minmay_temple_entry_junction, serial_shops,
          kennysheep_mini_moat, uniq_eustachio, uniq_menkaure
D:6:      layout_cave_pools
D:7:      layout_gridville
D:8:      layout_cave_pods
D:9:      layout_loops_ring, uniq_maurice
D:10:     layout_loops_corners, enter_bailey_7
Temple:   minmay_temple_bridge_d
Bailey:   bailey_polearm_enchanted_keep_hellmonk, bailey

Notes
Turn   | Place    | Note
-------+----------+-------------------------------------------
     0 | D:1      | sanka the Felid Berserker began the quest for the Orb.
     0 | D:1      | Reached XP level 1. HP: 10/10 MP: 2/2
   141 | D:1      | Reached XP level 2. HP: 13/14 MP: 3/3
   654 | D:1      | Reached XP level 3. HP: 12/17 MP: 4/4
   834 | D:1      | Reached skill level 4 in Unarmed Combat
  1137 | D:2      | Found a faded altar of an unknown god.
  1155 | D:2      | Reached ** piety under Trog
  1224 | D:2      | Reached skill level 5 in Dodging
  1224 | D:2      | Reached XP level 4. HP: 21/21 MP: 5/5
  1673 | D:3      | Found a shimmering blue altar of Sif Muna.
  1803 | D:3      | Found a bloodstained altar of Trog.
  1861 | D:3      | Reached skill level 5 in Unarmed Combat
  1862 | D:3      | Noticed Grinder
  1896 | D:3      | Reached XP level 5. HP: 24/24 MP: 6/6
  1897 | D:3      | Paralysed by Grinder for 4 turns
  1987 | D:3      | Killed Grinder
  1988 | D:3      | Reached skill level 6 in Dodging
  1988 | D:3      | Reached skill level 6 in Unarmed Combat
  1988 | D:3      | Gained mutation: You are covered in thick fur. (AC +2)
                  | [Felid growth]
  1988 | D:3      | Reached XP level 6. HP: 28/28 MP: 7/7
  2231 | D:3      | Found a glowing silver altar of Zin.
  2681 | D:4      | Noticed Edmund
  2693 | D:4      | Killed Edmund
  2694 | D:4      | Reached XP level 7. HP: 31/31 MP: 8/8
  2763 | D:4      | Reached *** piety under Trog
  2906 | D:4      | Found an opulent altar of Gozag.
  2916 | D:4      | Found a shimmering altar of Xom.
  3007 | D:4      | Reached skill level 7 in Dodging
  3054 | D:4      | Reached skill level 7 in Unarmed Combat
  3455 | D:5      | Entered Level 5 of the Dungeon
  3455 | D:5      | Noticed Menkaure
  3462 | D:5      | Killed Menkaure
  3555 | D:5      | Noticed Eustachio
  3749 | D:5      | Found a staircase to the Ecumenical Temple.
  3762 | Temple   | Entered the Ecumenical Temple
  3808 | D:5      | Killed Eustachio
  3809 | D:5      | Reached skill level 8 in Dodging
  3809 | D:5      | Reached skill level 8 in Unarmed Combat
  3962 | D:5      | Reached XP level 8. HP: 34/34 MP: 9/9
  3972 | D:5      | Found Detow's Weapon Shoppe.
  4366 | D:6      | Reached skill level 9 in Unarmed Combat
  4554 | D:6      | Reached skill level 9 in Dodging
  4817 | D:6      | Reached skill level 10 in Unarmed Combat
  4820 | D:6      | Identified a +2 robe of the Archmagi
  4825 | D:6      | Reached XP level 9. HP: 37/37 MP: 10/10
  5088 | D:7      | Reached skill level 10 in Dodging
  6353 | D:8      | Reached skill level 11 in Unarmed Combat
  7111 | D:9      | Noticed Maurice
  7126 | D:9      | Killed Maurice
  7127 | D:9      | Reached skill level 11 in Dodging
  7175 | D:9      | Noticed a two-headed ogre
  7182 | D:9      | Killed a two-headed ogre
  7183 | D:9      | Reached skill level 12 in Unarmed Combat
  7183 | D:9      | Reached XP level 10. HP: 31/42 MP: 11/11
  7515 | D:9      | Reached skill level 12 in Dodging
  7521 | D:9      | Identified +0 steam dragon scales
  7529 | D:9      | Reached skill level 13 in Unarmed Combat
  8017 | D:10     | Entered Level 10 of the Dungeon
  8461 | D:10     | Found a flagged portal.
  8512 | Bailey   | Entered a bailey
  8534 | Bailey   | HP: 5/63 [ogre/+0 glaive (29)]
  8540 | Bailey   | Slain by an ogre
  8541 | Bailey   | Reached XP level 9. HP: -2/55 MP: 10/10
  8556 | Bailey   | Mangled by an ogre
  8557 | Bailey   | Reached XP level 8. HP: -12/34 MP: 9/9
  8557 | Bailey   | Quit the game

Vanquished Creatures
  A two-headed ogre (D:9)
  Maurice (D:9)
  Grinder (D:3)
  A shadow (D:9)
  13 yaks
  Eustachio (D:5)
  2 steam dragons
  Menkaure (D:5)
  Edmund (D:4)
  An acid dragon (D:10)
  2 water moccasins
  An orc warrior (D:6)
  A black bear (D:6)
  An ice beast (D:8)
  A sky beast (D:8)
  3 ogres
  A centaur (D:8)
  A kobold brigand (D:6)
  3 bullfrogs
  A gnoll sergeant (D:10)
  A necrophage (D:5)
  3 scorpions
  8 wights
  3 killer bees (D:9)
  2 hounds
  A jelly (D:7)
  4 orc priests
  A gnoll bouda (D:7)
  2 iguanas
  10 orc wizards
  9 adders
  9 gnolls
  A shadow imp (D:7)
  2 white imps
  A worm (D:3)
  4 dart slugs
  20 orcs
  8 endoplasms
  6 giant cockroaches
  7 goblins
  8 hobgoblins
  7 jackals
  5 quokkas
  10 ball pythons
  7 bats
  4 frilled lizards
  10 kobolds
  8 rats
199 creatures vanquished.

Vanquished Creatures (others)
  A kobold (D:6)
1 creature vanquished.

Grand Total: 200 creatures vanquished
